 Dungeon Crawl Stone Soup version 0.27-a0-1273-gec92ba881d (webtiles) character file.

Game seed: 17660238877864532122

497 robertstho the Magician (level 7, -3/46 HPs)
             Began as a Djinni Fire Elementalist on June 11, 2021.
             Was an Initiate of Gozag.
             Slain by a water moccasin (6 damage)
             ... on level 4 of the Dungeon.
             The game lasted 00:06:51 (5925 turns).

robertstho the Magician (Djinni Fire Elementalist)  Turns: 5925, Time: 00:06:52

Health: -3/46      AC:  2    Str:  7    XL:     7   Next: 39%
Gold:   348        EV: 13    Int: 18    God:    Gozag SH:  0 Dex: 14

rFire    + + .     SeeInvis .   o - +0 short sword (vamp)
rCold    x . .     Faith    .   (no shield)
rNeg     . . .     Spirit   .   a - +0 robe
rPois    ∞         Reflect  .   (no helmet)
rElec    .         Harm     .   (no cloak)
rCorr    .         Rampage  .   (no gloves)
Will     .....                  (boots unavailable)
Stlth    ++........             (no amulet)
HPRegen  0.15/turn              (no ring)
MPRegen  0.00/turn              (no ring)

@: flying, hasted, very quick
A: sickness immunity, fire resistance 2, cold vulnerability 1, float, innate
caster, hp casting, extra vitality 1
a: Renounce Religion, Potion Petition, Call Merchant, Bribe Branch


You were on level 4 of the Dungeon.
You worshipped Gozag.
Gozag was aware of your devotion.
You visited 1 branch of the dungeon, and saw 4 of its levels.

You collected 375 gold pieces.
You paid 27 gold pieces to Gozag.

Inventory:

Hand Weapons
 o - a +0 vampiric short sword (weapon)
Missiles
 m - a throwing net
 r - 7 curare-tipped darts
Armour
 a - a +0 robe (worn)
Jewellery
 p - a ring of resist corrosion
Wands
 q - a wand of paralysis (12)
 s - a wand of mindburst (16)
Scrolls
 b - 3 scrolls of noise {unknown}
 c - 2 scrolls of holy word {unknown}
 d - 2 scrolls of identify {unknown}
 e - a scroll of acquirement {unknown}
 f - 2 scrolls of magic mapping {unknown}
 h - a scroll of blinking {unknown}
 i - 2 scrolls of amnesia {unknown}
 j - a scroll of summoning {unknown}
 l - a scroll of enchant armour {unknown}
Potions
 g - a potion of magic {unknown}
 k - a potion of haste
 n - 2 potions of brilliance {unknown}
 t - a potion of lignification {unknown}
 u - a potion of cancellation {unknown}


   Skills:
 + Level 0.5 Fighting
 + Level 3.3 Dodging
 + Level 2.6 Stealth
 + Level 5.4 Spellcasting


You couldn't memorise any spells.
You knew the following spells:

 Your Spells              Type           Power      Damage    Failure   Level
a - Foxfire               Conj/Fire      96%        2x1d8     1%          1
b - Conjure Flame         Conj/Fire      24%        6-21      4%          3
c - Inner Flame           Hex/Fire       24%        N/A       4%          3
d - Sticky Flame          Conj/Fire      24%        2d5       13%         4
e - Fireball              Conj/Fire      12%        3d7       36%         5
f - Summon Small Mammal   Summ           96%        N/A       1%          1
g - Blink                 Tloc           N/A        N/A       1%          2
h - Passwall              Tmut/Erth      20%        N/A       1%          2
Your spell library was empty.

Dungeon Overview and Level Annotations

Branches:
Dungeon (4/15)
 Temple: D:4-7

Altars:
Ashenzari
Gozag
Uskayaw

Shops:
D:4 [

Annotations:
D:2 1 runed translucent door, Crazy Yiuf


Innate Abilities, Weirdness & Mutations

You are immune to sickness and miasma.
You are immune to poison.
Your flesh is very heat resistant. (rF++)
You are vulnerable to cold. (rC-)
You float through the air rather than walking.
You learn spells naturally, not from books.
Your magical power is your life essence.
You have superior vitality. (+4 HP)


Message History

You conjure some foxfire!
The foxfire hits the water moccasin.
The water moccasin is moderately wounded.
The water moccasin bites you.
Casting: Foxfire (safe; 1% risk of failure)
Press: ? - help, Q - select action, (/) - cycle Dir - look around, f - activate
There is not enough space to conjure foxfire!
The water moccasin closely misses you.
Casting: Foxfire (safe; 1% risk of failure)
Press: ? - help, Q - select action, (/) - cycle Dir - look around, f - activate You conjure some foxfire!
The water moccasin closely misses you. The water moccasin bites you! x2
Unknown command.
You hit the water moccasin but do no damage.
The water moccasin is moderately wounded.
The water moccasin misses you.
Unknown command.
Your foxfire dissipates!
The water moccasin bites you! The water moccasin bites you!
* * * LOW HITPOINT WARNING * * *
Casting: Foxfire (safe; 1% risk of failure)
Press: ? - help, Q - select action, (/) - cycle Dir - look around, f - activate You conjure some foxfire!
* * * LOW HITPOINT WARNING * * *
The water moccasin bites you.
* * * LOW HITPOINT WARNING * * *
The foxfire hits the water moccasin.
The water moccasin is moderately wounded.
The foxfire hits the water moccasin!
The water moccasin is heavily wounded.
There is a fountain of clear blue water here.
Okay, then.
Okay, then.
Okay, then.
It was a potion of haste.
You feel yourself speed up. The water moccasin bites you.
You die...
Your body crumbles into a pile of gold.

#####.##..#
#####...#.###.#
##.....#...# #.##
#..######### #..#
#.## ##.# #..# ###
##.# ##.##
##.###..#
##...#####...##.##
#..@§......⌠....#
##.S.#####...#.##
##.## ##.##.# #.#
#.#..# #.# #.#..#
#.# #.#..# #$#
##.##.#
...#####...#.#
..⌠.).....⌠...#


You could see a water moccasin.

Vanquished Creatures
  Duvessa (D:4)
  Dowan (D:4)
  2 orc priests
  Terence (D:3)
  2 orc wizards (D:4)
  A hound skeleton (D:2)
  3 adders
  4 gnolls (D:3)
  A shadow imp (D:3)
  2 worms
  A dart slug (D:4)
  8 orcs
  10 bats
  6 endoplasms
  7 giant cockroaches
  6 goblins
  15 hobgoblins
  8 jackals (D:2)
  6 kobolds
  A quokka (D:3)
  7 ball pythons
  2 frilled lizards (D:3)
  5 rats
100 creatures vanquished.

Vanquished Creatures (others)
  466 foxfires
466 creatures vanquished.

Grand Total: 566 creatures vanquished

Notes
Turn   | Place    | Note
-------+----------+-------------------------------------------
     0 | D:1      | robertstho the Djinni Fire Elementalist began the quest for
                  | the Orb.
     0 | D:1      | Reached XP level 1. HP: 15/15 MP: 0/0
   407 | D:1      | Reached XP level 2. HP: 20/21 MP: 0/0
   719 | D:1      | Reached skill level 3 in Spellcasting
   791 | D:1      | Reached XP level 3. HP: 19/25 MP: 0/0
   791 | D:1      | Learned a level 1 spell: Summon Small Mammal
  2262 | D:2      | Reached XP level 4. HP: 28/31 MP: 0/0
  2998 | D:2      | Found a runed translucent door.
  2999 | D:2      | Noticed Crazy Yiuf
  3530 | D:3      | Reached XP level 5. HP: 10/35 MP: 0/0
  3530 | D:3      | Learned a level 2 spell: Blink
  3777 | D:3      | Found an opulent altar of Gozag.
  3828 | D:3      | Became a worshipper of Gozag Ym Sagoz the Greedy
  3909 | D:3      | Noticed Terence
  3917 | D:3      | Killed Terence
  3918 | D:3      | Reached skill level 4 in Spellcasting
  4151 | D:3      | Found a hide-covered altar of Uskayaw.
  4378 | D:3      | Reached XP level 6. HP: 39/41 MP: 0/0
  5222 | D:4      | Found a broken altar of Ashenzari.
  5299 | D:4      | Noticed Duvessa
  5308 | D:4      | Killed Duvessa
  5309 | D:4      | Reached skill level 5 in Spellcasting
  5309 | D:4      | Reached XP level 7. HP: 35/46 MP: 0/0
  5309 | D:4      | Learned a level 2 spell: Passwall
  5310 | D:4      | Noticed Dowan
  5316 | D:4      | Killed Dowan
  5730 | D:4      | Found Hoes's Armour Emporium.
  5910 | D:4      | Noticed a water moccasin
  5925 | D:4      | Slain by a water moccasin

Illustrated notes

Levels and vault maps discovered:
D:1:      minmay_arrival_four_loops, layout_loops_cross, serial_glass,
          glass_columns_c, glass_columns_b, minmay_worlds_worst_comb
D:2:      layout_basic, uniq_crazy_yiuf_cottage
D:3:      minmay_diamond_boxcup, layout_loops_ring,
          nicolae_gozag_cash_rules_everything_around_me,
          nicolae_uskayaw_dance_hall, minmay_quadrilaterals, uniq_terence
D:4:      layout_rooms, cheibrodos_ashenzari_chains, serial_shops, shop,
          minmay_misc_feat_tower, hangedman_abyss_or_decor_passed, uniq_duvessa

Skill      XL: |  1  2  3  4  5  6  7 |
---------------+----------------------+-----
Spellcasting   | 3 4 5 |  5.4
Stealth        | 2 |  2.6
Dodging        | 3 |  3.3
Fighting       | |  0.5

Action                   |  1- 3 |  4- 6 |  7- 9 || total
-------------------------+-------+-------+-------++-------
Melee: Short sword       |       |       |     1 ||     1
 Cast: Foxfire           |    85 |   175 |    34 ||   294
       Sticky Flame      |       |     2 |     1 ||     3
  Use: Potion            |       |       |     1 ||     1
Armor: Robe              |     4 |     1 |       ||     5
Dodge: Dodged            |     9 |    13 |     6 ||    28

Table legend: (Time is in decaauts)
 A = Elapsed time spent in this place.
 B = Non-inter-level travel time spent in this place.
 C = Inter-level travel time spent in this place.
 D = Time resting spent in this place.
 E = Time spent auto-exploring this place.
 F = Levels seen in this place.
 G = Mean time per level.
                   A        B        C        D        E       F      G
               +--------+--------+--------+--------+--------+-----+--------+
         Total |   5923 |   5814 |    109 |      0 |   5218 |   4 | 1480.8 |
       Dungeon |   5923 |   5814 |    109 |      0 |   5218 |   4 | 1480.8 |
               +--------+--------+--------+--------+--------+-----+--------+

Top non-repeatable levels by time:
     D:3: 1795 daAuts
     D:2: 1790 daAuts
     D:1: 1351 daAuts
     D:4: 986 daAuts
